 Dungeon Crawl Stone Soup version 0.25-a0-578-gc91f01c39c (webtiles) character file.

Game seed: 13829183858411407954, levelgen mode: deterministic

54 Forecaster the Magician (level 3, -1/28 HPs)
             Began as a Naga Wizard on Mar 4, 2020.
             Slain by Robin
             ... wielding a +0 whip
              (6 damage)
             ... on level 2 of the Dungeon.
             The game lasted 00:09:43 (1248 turns).

Forecaster the Magician (Naga Wizard)               Turns: 1248, Time: 00:09:44

Health: -1/28      AC:  3    Str:  9    XL:     3   Next: 91%
Magic:  1/8        EV: 10    Int: 18    God:
Gold:   145        SH:  0    Dex: 10    Spells: 5/10 levels left

rFire    . . .     SeeInvis +   k - +0 dagger
rCold    + . .     Gourm    .   (no shield)
rNeg     . . .     Faith    .   a - +0 robe
rPois    +         Spirit   .   b - +0 hat
rElec    .         Reflect  .   h - +0 cloak
rCorr    .         Harm     .   (no gloves)
MR       .....                  (no barding)
Stlth    ++........             (no amulet)
HPRegen  0.09/turn              p - ring of protection from cold
MPRegen  0.11/turn              (no ring)

@: very slightly contaminated, very slow
A: large, see invisible, deformed body, poison resistance, slowness 2, slow
metabolism 1, spit poison 1, AC +1
a: Spit Poison


You were on level 2 of the Dungeon.
You were not hungry.

You visited 1 branch of the dungeon, and saw 2 of its levels.

You collected 145 gold pieces.

Inventory:

Hand Weapons
 k - a +0 dagger (weapon)
 n - a +0 dagger
 o - a +0 dagger
 s - a +0 vorpal hand axe
Missiles
 i - 12 poisoned darts (quivered)
 j - 19 sling bullets
 m - 72 stones
Armour
 a - a +0 robe (worn)
 b - a +0 hat (worn)
 h - a +0 cloak (worn)
 t - a cursed +0 leather armour
Jewellery
 p - a ring of protection from cold (left hand)
Scrolls
 e - a scroll of blinking {unknown}
 f - 2 scrolls of teleportation {unknown}
 q - a scroll of remove curse {unknown}
Potions
 c - a potion of haste {unknown}
 g - a potion of lignification {unknown}
 r - 2 potions of heal wounds {unknown}
Comestibles
 d - 2 rations
 u - 4 chunks of flesh


   Skills:
 + Level 0.2 Fighting
 + Level 2.1 Dodging
 + Level 3.1 Stealth
 + Level 0.1 Unarmed Combat
 + Level 4.0 Spellcasting
 + Level 1.2 Conjurations
 + Level 1.0 Summonings
 + Level 1.0 Translocations


You had 5 spell levels left.
You knew the following spells:

 Your Spells              Type           Power        Failure   Level  Hunger
a - Magic Dart            Conj           #...         9%          1    None
b - Call Imp              Summ           #.......     14%         2    ##.....
c - Blink                 Tloc           N/A          14%         2    ##.....

Your spell library contained the following spells:

 Spells                   Type           Power        Failure   Level  Hunger
 Slow                     Hex            #.......     22%         2    ##.....
 Conjure Flame            Conj/Fire      #.......     34%         3    ###....
 Mephitic Cloud           Conj/Pois/Air  #.......     36%         3    ###....


Dungeon Overview and Level Annotations

Branches:
Dungeon (2/15)

Altars:
Ashenzari

Annotations:
D:2 Robin


Innate Abilities, Weirdness & Mutations

You cannot wear boots.
Your serpentine skin is tough. (AC +1)
You have supernaturally acute eyesight. (SInv)
Armour fits poorly on your strangely shaped body.
Your system is resistant to poisons. (rPois)
You cover ground very slowly.
You have a slow metabolism.
You can spit poison.


Message History

Robin hits you with a +0 whip.
* * * LOW HITPOINT WARNING * * *
Your crimson imp closely misses Robin.
You feel better. Robin hits you with a +0 whip.
* * * LOW HITPOINT WARNING * * *
The hobgoblin barely misses you.
Your crimson imp hits Robin but does no damage.
Robin hits your crimson imp with a +0 whip.
You barely miss Robin.
Robin is severely wounded.
The hobgoblin barely misses you. Robin closely misses you.
Your crimson imp blinks!
You closely miss Robin.
Robin is severely wounded.
Robin hits you but does no damage. The hobgoblin barely misses you.
Robin completely misses you.
You barely miss Robin.
Robin is severely wounded.
The hobgoblin closely misses you. Robin hits you with a +0 whip.
You die...

#...###+#.# #.####
..#.........# ......
#...........# #.####
#...##.....## #
#...#.......# ####
##+#...#.....#+####+#...
#......#...##...........
#.......5...'...........
#....§g@.).##...........
##''..g.)..##....##'###.
###.......########'###.
#.......###..........
#...####'#.##..........#
#... ..#.##..........#
#..g ####.##..........#
###. ..#.########## #.
##.# #


You could see Robin (berserk), a hobgoblin and a friendly crimson imp.

Vanquished Creatures
  An adder (D:2)
  2 oozes
  A worm (D:2)
  A giant cockroach (D:1)
  7 goblins
  A hobgoblin (D:1)
  2 kobolds (D:1)
  3 bats (D:1)
  A frilled lizard (D:1)
  2 rats (D:1)
21 creatures vanquished.

Vanquished Creatures (collateral kills)
  An adder (D:2)
  A goblin (D:2)
  2 hobgoblins (D:2)
  2 jackals (D:1)
  A frilled lizard (D:2)
7 creatures vanquished.

Grand Total: 28 creatures vanquished

Notes
Turn   | Place    | Note
-------+----------+-------------------------------------------
     0 | D:1      | Forecaster the Naga Wizard began the quest for the Orb.
     0 | D:1      | Reached XP level 1. HP: 15/15 MP: 4/4
    98 | D:1      | Reached XP level 2. HP: 20/22 MP: 1/6
   107 | D:1      | Learned a level 2 spell: Call Imp
   110 | D:1      | Learned a level 2 spell: Blink
   823 | D:2      | Reached XP level 3. HP: 23/28 MP: 0/8
   855 | D:2      | Found a shattered altar of Ashenzari.
  1001 | D:2      | Noticed Robin
  1029 | D:2      | Reached skill level 4 in Spellcasting
  1248 | D:2      | Slain by Robin

Levels and vault maps discovered:
D:1:      lightli_molten_gateway, layout_loops_cross, serial_park_tiny_2
D:2:      layout_basic, overflow_temple_1_default, uniq_robin,
          uniq_crazy_yiuf_cottage

Skill      XL: |  1  2  3 |
---------------+----------+-----
Dodging        | 2 |  2.1
Spellcasting   | 4 |  4.0
Fighting       | |  0.2
Stealth        | |  3.1
Unarmed Combat | |  0.1
Conjurations   | |  1.2
Summonings     | |  1.0
Translocations | |  1.0

Action                   || total
-------------------------++-------
Melee: Unarmed           ||    30
       Dagger            ||    25
 Cast: Magic Dart        ||    53
       Call Imp          ||     6
       Blink             ||     1
  Use: Potion            ||     2
 Stab: Distracted        ||     2
  Eat: Chunk             ||     1
Armor: Robe              ||    12
Dodge: Dodged            ||    49

Table legend:
 A = Non-vault XP
 B = Vault XP
 C = Vault XP percentage of total XP
 D = Non-vault monster count
 E = Vault monster count
 F = Vault count percentage of total count
                 A         B        C        D         E       F
            +---------+---------+-------+---------+---------+-------
      Total |      71 |       7 |   9.0 |      24 |       4 |  14.3
            +---------+---------+-------+---------+---------+-------
        D:1 |      31 |       0 |   0.0 |      17 |       0 |   0.0
        D:2 |      40 |       7 |  14.9 |       7 |       4 |  36.4
            +---------+---------+-------+---------+---------+-------
